 Dungeon Crawl Stone Soup version 0.18.1-50-g88ac8fd (webtiles) character file.

35933 Gorglomux the Unseen (level 13, 61/61 HPs)
             Began as a Felid Enchanter on June 17, 2017.
             Was the Champion of Dithmenos.
             Quit the game on level 3 of the Lair of Beasts on June 18, 2017.
             The game lasted 01:20:12 (33437 turns).

Gorglomux the Unseen (Felid Enchanter)             Turns: 33437, Time: 01:20:13

Health: 61/61      AC:  5    Str:  4    XL:     13   Next: 50%
Magic:  24/24      EV: 24    Int: 19    God:    Dithmenos [******]
Gold:   2966       SH:  2    Dex: 21    Spells: 6 memorised, 3 levels left
                                        Lives:  0   Deaths: 3

rFire  . . .     SeeInvis +       - Unarmed
rCold  + + .     Gourm    .     (armour unavailable)
rNeg   . . .     Faith    +     (shield unavailable)
rPois  .         Spirit   .     (helmet unavailable)
rElec  .         Dismiss  .     (cloak unavailable)
rCorr  .         Reflect  .     (gloves unavailable)
SustAt .         Harm     .     (boots unavailable)
MR     ++...                    c - amulet of faith
Stlth  ++++++++++               v - ring of wizardry
                                m - ring of protection from magic

@: wreathed by umbra, quick, very resistant to hostile enchantments, uncannily
stealthy
A: no armour, no weapons or thrown items, claws 1, fangs 3, large bone plates 1,
see invisible, carnivore 3, cold resistance 1, speed 1, shaggy fur 3, slow
metabolism 1, wild magic 1, sharp paws
a: Shadow Step, Shadow Form, Renounce Religion


You were on level 3 of the Lair of Beasts.
You worshipped Dithmenos.
Dithmenos was exalted by your worship.
You were not hungry.

You visited 5 branches of the dungeon, and saw 27 of its levels.
You also visited: Labyrinth, Ice Cave and Volcano.

You collected 3343 gold pieces.
You spent 377 gold pieces at shops.

Inventory:

Jewellery
 c - an amulet of faith (around neck)
 g - an uncursed ring of resist corrosion
 m - a ring of protection from magic (left paw)
 v - a ring of wizardry (right paw)
 E - a +2 ring of protection
 Z - a +4 amulet of reflection
Wands
 h - a wand of heal wounds (2/9)
 y - a wand of confusion (13/48)
 A - a wand of acid (5/15)
 D - a wand of digging (11/24)
 I - a wand of iceblast (12/15)
Scrolls
 a - a scroll of summoning
 d - 6 scrolls of recharging
 j - 3 scrolls of fear
 l - 10 scrolls of remove curse
 H - 3 scrolls of silence
 M - 4 scrolls of magic mapping
 R - 2 scrolls of identify
 S - 2 scrolls of amnesia
 T - 4 scrolls of teleportation
Potions
 e - 2 potions of heal wounds
 f - 3 potions of curing
 i - 3 potions of cancellation
 p - 4 potions of invisibility
 t - 5 potions of brilliance
 u - 4 potions of flight
 x - 4 potions of haste
 z - 4 potions of lignification
 F - 3 potions of ambrosia
 J - 2 potions of berserk rage
 K - 6 potions of might
 N - 2 potions of resistance
 Q - 3 potions of mutation
 U - 2 potions of agility
 X - a potion of cure mutation {!q}
Books
 k - a book of Clouds

   Spells                             Type                      Level
   a - Mephitic Cloud                 Conjuration/Poison/Air       3
   b - Conjure Flame                  Conjuration/Fire             3
   c - Poisonous Cloud                Conjuration/Poison/Air       6
   d - Freezing Cloud                 Conjuration/Ice/Air          6
   e - Ring of Flames                 Charms/Fire                  7
 n - a Fen Folio

   Spells                             Type                      Level
   a - Corpse Rot                     Necromancy                   2
   b - Stone Arrow                    Conjuration/Earth            3
   c - Leda's Liquefaction            Hexes/Earth                  4
   d - Summon Forest                  Summoning/Translocation      5
   e - Hydra Form                     Transmutation                6
   f - Summon Hydra                   Summoning                    7
 w - a book of Burglary

   Spells                             Type                      Level
   a - Swiftness                      Charms/Air                   2
   b - Passwall                       Transmutation/Earth          2
   c - Passage of Golubria            Translocation                4
   d - Lee's Rapid Deconstruction     Earth                        5
   e - Darkness                       Hexes                        6
   f - Invisibility                   Hexes                        6
 C - a book of Enchantments

   Spells                             Type                      Level
   a - Cause Fear                     Hexes                        4
   b - Yara's Violent Unravelling     Hexes/Transmutation          5
   c - Silence                        Hexes/Air                    5
   d - Deflect Missiles               Charms/Air                   6
   e - Haste                          Charms                       6
   f - Discord                        Hexes                        8
 G - a book of Party Tricks

   Spells                             Type                      Level
   a - Summon Butterflies             Summoning                    1
   b - Apportation                    Translocation                1
   c - Tukima's Dance                 Hexes                        3
   d - Alistair's Intoxication        Transmutation/Poison         5
   e - Invisibility                   Hexes                        6
Miscellaneous
 B - a plain deck of defence {the Tomb}
 V - a phantom mirror
 W - a sack of spiders
Comestibles
 b - 13 meat rations
 o - 11 royal jellies
 q - 4 beef jerkies
 s - 4 slices of pizza


   Skills:
 + Level 10.1 Fighting
 - Level 7.1 Dodging
 - Level 20.0 Stealth
 - Level 16.0 Unarmed Combat
 - Level 7.0 Spellcasting
 + Level 16.7 Hexes


You had 3 spell levels left.
You knew the following spells:

 Your Spells              Type           Power        Failure   Level  Hunger
a - Discord               Hex            ######....   54%         8    #######
o - Apportation           Tloc           #.........   7%          1    None
q - Dazzling Spray        Conj/Hex       #####.       1%          3    #......
x - Confuse               Hex            ######..     1%          3    #......
z - Ensorcelled Hibernat  Hex/Ice        #####.       1%          2    None
I - Invisibility          Hex            ######..     1%          6    ######.


Dungeon Overview and Level Annotations

Branches:
Dungeon (15/15)            Temple (1/1) D:5            Lair (8/8) D:8
  Swamp (0/4) Lair:6        Snake (1/4) Lair:3        Slime (0/6) Lair:6
    Orc (2/2) D:12            Elf (0/3) Orc:2        Vaults (0/5) D:14
 Depths (0/5) D:15

Altars:
Ashenzari
Cheibriados
Dithmenos
Elyvilon
Fedhas
Gozag
Kikubaaqudgha
Makhleb
Nemelex Xobeh
Okawaru
Pakellas
Qazlal
Ru
Sif Muna
Trog
Vehumet
Xom
Yredelemnul
Zin
The Shining One
Beogh
Jiyva

Shops:
D:12 (   Orc:2 ?((*[

Annotations:
D:6 Duvessa
Lair:3 Rupert
Lair:5 exclusion: oklob plant


Innate Abilities, Weirdness & Mutations

You cannot wear armour.
You are incapable of wielding weapons or throwing items.
You have sharp claws.
You have razor-sharp teeth.
You have supernaturally acute eyesight.
You are carnivorous and can eat meat at any time.
You cover ground quickly.
Your thick and shaggy fur keeps you warm (AC +3, rC+).
You have a slow metabolism.
Your sharp claws are effective at attacking unaware monsters.
You are partially covered in large bone plates (AC +2, SH +2).
Your flesh is cold resistant.
Your spells are a little harder to cast, but a little more powerful.


Message History

Drink which item? (? for menu, Esc to quit)
You feel extremely strange.
You feel resistant to cold.
Large bone plates grow over parts of your legs.
You feel less in control of your magic.
* * * LOW HITPOINT WARNING * * *
You feel very sick. The black mamba bites you!
* * * LOW HITPOINT WARNING * * *
Unknown command.
Drink which item? (? for menu, Esc to quit)
You feel better. The black mamba completely misses you.
The black mamba bites you!
You die...
You are lethally poisoned!
The black mamba poisons you!
You are now level 13!
You rejoin the land of the living...
Unknown command.
Are you sure you want to abandon this character and quit the game? (Confirm with "yes".)

###...###...#..###..........##
......P##.......#...P........#
......)P.......###..........##
...............###......##..#
........<..P...##......####.#
......#....P.....P..#..# #..##
.....##....P........#..###...#
.....#.#.............#..###.##
......#....#....@....#..P#...#
.....##P...#.........#.......#
......#.............#.......##
.....###..YY................##
.P#.)###..P.............#.#..#
###.......##.............##.##
###.......#.Y.......#....##.#
.#........##........P...###.#
###..###..#..........P...#..#


You could see 3 yaks.

Vanquished Creatures
  A frost giant (IceCv)
  A fire giant (D:15)
  An orc warlord (Orc:2)
  Snorg (Lair:3)
  A minotaur (Lab)
  8 hydras
  Fannar (Lair:3)
  A fire dragon (Lair:8)
  Harold (Lair:1)
  A centaur warrior (D:14)
  2 catoblepae
  4 ogre magi (Orc:2)
  2 orc high priests
  4 tengu warriors
  A naga sharpshooter (Snake:1)
  Nergalle (Lair:3)
  2 wizards (D:14)
  2 unseen horrors
  A lindwurm (Lair:7)
  6 hill giants
  A necromancer (D:14)
  An orc knight (Orc:2)
  3 manticores
  2 griffons (Lair:8)
  2 cyclopes
  6 ugly things
  3 orc sorcerers
  An ice statue (IceCv)
  Maurice (D:12)
  10 elephants
  A torpor snail (Lair:5)
  5 black mambas
  20 spiny frogs
  A gargoyle (D:14)
  6 rime drakes
  The ghost of magog001 the Covert, a novice OpAs of Nemelex Xobeh (D:6)
  12 komodo dragons
  2 tengu conjurers
  16 polar bears
  7 trolls
  A queen bee (D:8)
  3 giant leeches (Lair:6)
  11 blink frogs
  A boulder beetle (Lair:5)
  17 two-headed ogres
  A vampire (Volcano)
  3 wraiths
  3 shadows
  78 yaks
  3 wyverns
  6 basilisks
  7 hippogriffs
  2 hungry ghosts
  A steam dragon (Lair:8)
  8 vampire mosquitoes
  3 wargs
  Menkaure (D:5)
  5 mottled dragons (Lair:8)
  4 nagas
  5 insubstantial wisps (D:13)
  2 soldier ants
  14 water moccasins
  6 porcupines
  2 sky beasts
  2 black bears
  2 eyes of draining
  30 orc warriors
  5 ice beasts
  2 phantoms
  29 ogres
  3 wasps
  15 wolves
  7 centaurs
  10 crocodiles
  Blork the orc (D:5)
  19 giant frogs
  A wyvern skeleton (D:13)
  A scorpion (D:9)
  Dowan (D:6)
  22 killer bees
  2 electric eels
  11 wights
  4 howler monkeys (D:11)
  4 crimson imps
  A quasit (D:10)
  A giant frog zombie (D:12)
  2 jellies
  28 orc wizards
  13 orc priests
  4 centaur skeletons
  3 giant frog skeletons
  5 hounds
  Jessica (D:3)
  14 iguanas
  11 worker ants
  12 sheep (Lair:6)
  2 mummies (Volcano)
  2 worker ant zombies
  15 adders
  A howler monkey skeleton (D:11)
  82 river rats
  4 shadow imps
  12 white imps (D:13)
  2 oozes
  An adder zombie (D:6)
  2 adder skeletons (D:8)
  3 worms
  9 dart slugs
  6 giant geckos
  89 orcs
  4 bats
  3 giant cockroaches
  8 goblins
  11 hobgoblins
  13 jackals
  4 quokkas
  A ball python (D:2)
  2 giant gecko skeletons
  A giant gecko zombie (D:6)
  7 giant newts
  3 kobolds
  14 rats
  A fungus (D:11)
898 creatures vanquished.

Vanquished Creatures (collateral kills)
  An ogre (Orc:2)
  An orc (Orc:2)
2 creatures vanquished.

Vanquished Creatures (others)
  A two-headed ogre (Orc:2)
  8 fungi
  2 plants
11 creatures vanquished.

Grand Total: 911 creatures vanquished

Notes
Turn   | Place    | Note
--------------------------------------------------------------
     0 | D:1      | Gorglomux the Felid Enchanter began the quest for the Orb.
     0 | D:1      | Reached XP level 1. HP: 7/7 MP: 4/4
   135 | D:1      | Reached XP level 2. HP: 11/11 MP: 6/6
   156 | D:1      | Learned a level 2 spell: Ensorcelled Hibernation
   158 | D:1      | Found a snail-covered altar of Cheibriados.
   166 | D:1      | Reached skill level 5 in Stealth
  1079 | D:1      | Reached XP level 3. HP: 6/14 MP: 0/7
  1372 | D:2      | Reached skill level 6 in Stealth
  1498 | D:2      | Learned a level 3 spell: Confuse
  2285 | D:2      | Found a stormy altar of Qazlal.
  2287 | D:2      | Found a glowing golden altar of the Shining One.
  2329 | D:3      | Noticed Jessica
  2338 | D:3      | Killed Jessica
  2338 | D:3      | Reached skill level 6 in Hexes
  2338 | D:3      | Reached XP level 4. HP: 18/18 MP: 3/8
  2561 | D:3      | Noticed an ogre
  3118 | D:3      | Killed an ogre
  3118 | D:3      | Reached XP level 5. HP: 21/21 MP: 1/9
  4093 | D:4      | Gained mutation: You are covered in thick fur (AC +2). [Felid growth]
  4093 | D:4      | Reached XP level 6. HP: 24/24 MP: 0/10
  4894 | D:5      | Entered Level 5 of the Dungeon
  4946 | D:5      | Found a staircase to the Ecumenical Temple.
  4971 | Temple   | Entered the Ecumenical Temple
  5161 | Temple   | Became a worshipper of Dithmenos the Shadowed
  5232 | D:5      | Noticed Menkaure
  5234 | D:5      | Killed Menkaure
  5234 | D:5      | Reached skill level 3 in Unarmed Combat
  5750 | D:5      | Reached XP level 7. HP: 27/27 MP: 11/11
  6193 | D:5      | Reached skill level 6 in Unarmed Combat
  6270 | D:5      | Noticed Blork the orc
  6275 | D:5      | Killed Blork the orc
  6778 | D:5      | Reached * piety under Dithmenos
  6854 | D:6      | Noticed magog001's ghost (novice OpAs)
  6903 | D:6      | Reached skill level 1 in Fighting
  6903 | D:6      | Reached XP level 8. HP: 33/33 MP: 9/12
  6948 | D:6      | Killed magog001's ghost
  7086 | D:6      | Learned a level 3 spell: Dazzling Spray
  7519 | D:6      | Noticed Duvessa
  7521 | D:6      | Noticed Dowan
  7524 | D:6      | Killed Dowan
  7627 | D:6      | Reached skill level 6 in Fighting
  7879 | D:7      | Found a shattered altar of Ashenzari.
  8264 | D:7      | Reached skill level 3 in Dodging
  8391 | D:7      | You fall through a shaft for 3 floors!
  8391 | D:10     | Entered Level 10 of the Dungeon
  8466 | D:10     | Reached XP level 9. HP: 43/43 MP: 10/13
  8608 | D:10     | Reached ** piety under Dithmenos
  9082 | D:8      | Found a staircase to the Lair.
  9084 | D:8      | Reached skill level 6 in Dodging
  9297 | D:8      | Noticed a queen bee
  9420 | D:8      | Reached skill level 3 in Spellcasting
  9470 | D:8      | Reached skill level 9 in Hexes
  9603 | D:8      | Killed a queen bee
 10218 | D:8      | Found a deep blue altar of Sif Muna.
 10319 | D:8      | Reached XP level 10. HP: 47/47 MP: 15/18
 10902 | D:7      | Learned a level 6 spell: Invisibility
 11873 | D:9      | Reached *** piety under Dithmenos
 12464 | D:10     | Reached skill level 6 in Spellcasting
 12471 | D:10     | Reached skill level 12 in Hexes
 12807 | Lair:1   | Entered Level 1 of the Lair of Beasts
 12807 | Lair:1   | Found a labyrinth entrance.
 12856 | Lab      | Entered a labyrinth
 12990 | Lab      | Noticed a minotaur
 13199 | Lab      | Killed a minotaur
 13199 | Lab      | Reached skill level 7 in Stealth
 13218 | Lab      | Lost strength.
 13504 | Lair:1   | Noticed a spiny frog
 13511 | Lair:1   | Killed a spiny frog
 13562 | Lair:1   | Reached XP level 11. HP: 50/50 MP: 22/22
 13843 | Lair:1   | Reached skill level 8 in Stealth
 14092 | Lair:1   | Noticed Harold
 14117 | Lair:1   | Killed Harold
 14117 | Lair:1   | Reached skill level 9 in Stealth
 14896 | Lair:2   | Noticed a six-headed hydra
 14912 | Lair:2   | Killed a six-headed hydra
 14912 | Lair:2   | Reached skill level 10 in Stealth
 14912 | Lair:2   | Reached skill level 9 in Unarmed Combat
 15271 | Lair:2   | Reached skill level 11 in Stealth
 15272 | Lair:2   | Reached **** piety under Dithmenos
 15686 | Lair:2   | Reached skill level 12 in Stealth
 16068 | Lair:3   | Gained mutation: Your thick and shaggy fur keeps you warm (AC +3, rC+). [Felid growth]
 16068 | Lair:3   | Reached XP level 12. HP: 54/54 MP: 17/23
 16083 | Lair:3   | Noticed Nergalle
 16104 | Lair:3   | Killed Nergalle
 16261 | Lair:3   | Found a staircase to the Snake Pit.
 16535 | Lair:3   | Reached skill level 13 in Stealth
 16727 | Lair:3   | Noticed Snorg
 16749 | Lair:3   | Killed Snorg
 17005 | Lair:3   | Noticed Rupert
 17022 | Lair:3   | Paralysed by Rupert for 4 turns
 17025 | Lair:3   | HP: 1/54 [poisoned by Rupert]
 17025 | Lair:3   | Slain by a rime drake
 17026 | Lair:3   | Reached XP level 11. HP: -1/50 MP: 1/22
 17146 | Lair:3   | Noticed Fannar
 17150 | Lair:3   | Killed Fannar
 17300 | Lair:3   | Reached skill level 14 in Stealth
 17389 | Lair:4   | Reached ***** piety under Dithmenos
 17681 | Lair:4   | Reached skill level 12 in Unarmed Combat
 17827 | Lair:4   | Noticed a six-headed hydra
 17903 | Lair:4   | Killed a six-headed hydra
 17903 | Lair:4   | Reached skill level 15 in Stealth
 18033 | Lair:4   | Reached XP level 12. HP: 54/54 MP: 23/23
 18355 | Lair:5   | Learned a level 1 spell: Apportation
 18358 | Lair:5   | Identified Bionkuaf's Incunabulum of Noxious Clay (You found it on level 5 of the Lair of Beasts)
 20054 | Lair:6   | Found a staircase to the Swamp.
 20206 | Lair:6   | Reached skill level 16 in Stealth
 20473 | Lair:6   | Found a viscous altar of Jiyva.
 20473 | Lair:6   | Found a staircase to the Slime Pits.
 21204 | Lair:7   | Found a dark tunnel.
 21251 | Volcano  | Entered a volcano
 21903 | Lair:7   | Reached XP level 13. HP: 57/57 MP: 24/24
 21909 | Lair:7   | Reached skill level 17 in Stealth
 22067 | Lair:8   | Entered Level 8 of the Lair of Beasts
 22719 | Lair:8   | Noticed a fire dragon
 22725 | Lair:8   | Killed a fire dragon
 22732 | Lair:8   | Reached skill level 18 in Stealth
 22733 | Lair:8   | Reached ****** piety under Dithmenos
 24985 | D:11     | Reached skill level 19 in Stealth
 25022 | D:11     | Reached skill level 15 in Unarmed Combat
 25104 | D:11     | Reached XP level 14. HP: 61/61 MP: 25/25
 25413 | D:12     | Found Xeuloh's Antique Weapon Shop.
 25630 | D:12     | Found a staircase to the Orcish Mines.
 25642 | D:12     | Identified a scroll of acquirement
 25770 | D:12     | Noticed Maurice
 25775 | D:12     | Killed Maurice
 26692 | D:13     | Found a frozen archway.
 26728 | IceCv    | Entered an ice cave
 26954 | IceCv    | Reached skill level 20 in Stealth
 26964 | IceCv    | Learned a level 8 spell: Discord
 27367 | IceCv    | Noticed a frost giant
 27548 | IceCv    | Killed a frost giant
 28129 | D:14     | Found a basalt altar of Yredelemnul.
 28481 | D:14     | Found a gate to the Vaults.
 28530 | D:14     | Found a white marble altar of Elyvilon.
 29045 | D:15     | Entered Level 15 of the Dungeon
 29481 | D:15     | Found a staircase to the Depths.
 29481 | D:15     | Noticed a fire giant
 29483 | D:15     | Killed a fire giant
 29676 | D:15     | Reached skill level 15 in Hexes
 29676 | D:15     | Reached XP level 15. HP: 47/66 MP: 23/26
 29929 | D:15     | Found a blossoming altar of Fedhas.
 30267 | Orc:1    | Entered Level 1 of the Orcish Mines
 30334 | Orc:1    | Found a shimmering altar of Xom.
 30659 | Orc:2    | Entered Level 2 of the Orcish Mines
 30660 | Orc:2    | Noticed an orc warlord
 30660 | Orc:2    | Found a roughly hewn altar of Beogh.
 30669 | Orc:2    | Found a staircase to the Elven Halls.
 31275 | Orc:2    | Killed an orc warlord
 31276 | Orc:2    | Reached skill level 9 in Fighting
 32188 | Orc:2    | Found Jocsabb's Magic Scroll Shoppe.
 32643 | Orc:2    | Found Yskocobb's Weapon Shop.
 32643 | Orc:2    | Found Bunwesee's Antique Weapon Emporium.
 32644 | Orc:2    | Found Tefaf's Antique Armour Shoppe.
 32644 | Orc:2    | Found Ruuf Hau's General Store.
 32678 | Orc:2    | Bought a scroll of identify for 34 gold pieces
 32678 | Orc:2    | Bought a scroll of vulnerability for 127 gold pieces
 32678 | Orc:2    | Bought a scroll of fear for 59 gold pieces
 32678 | Orc:2    | Bought a scroll of identify for 34 gold pieces
 32725 | Orc:2    | Bought a scroll of summoning for 123 gold pieces
 33373 | Snake:1  | Entered Level 1 of the Snake Pit
 33415 | Snake:1  | Killed from afar by a shock serpent
 33416 | Snake:1  | Reached XP level 14. HP: -3/66 MP: 6/25
 33435 | Lair:3   | Gained mutation: Your flesh is cold resistant. [potion of mutation]
 33435 | Lair:3   | Gained mutation: You are partially covered in large bone plates (AC +2, SH +2). [potion of mutation]
 33435 | Lair:3   | Gained mutation: Your spells are a little harder to cast, but a little more powerful. [potion of mutation]
 33435 | Lair:3   | HP: 1/66 [black mamba (7)]
 33436 | Lair:3   | Slain by a black mamba
 33437 | Lair:3   | Reached XP level 13. HP: -1/61 MP: 22/24
 33437 | Lair:3   | Quit the game

Skill      XL: |  1  2  3  4  5  6  7  8  9 10 11 12 13 14 15 |
---------------+----------------------------------------------+-----
Stealth        | 5 6 7 15 16 19 20 | 20.0
Hexes          | 6 7 8 10 12 15 16 | 16.7
Unarmed Combat | 2 4 7 12 13 15 16 | 16.0
Fighting       | 1 7 8 10 | 10.1
Dodging        | 3 7 |  7.1
Spellcasting   | 4 7 |  7.0

Action                   |  1- 3 |  4- 6 |  7- 9 | 10-12 | 13-15 || total
-------------------------+-------+-------+-------+-------+-------++-------
Melee: Unarmed           |    88 |   118 |   283 |   611 |   821 ||  1921
       Bite              |     3 |     3 |    23 |    46 |    63 ||   138
       Punch             |       |       |    10 |    20 |    29 ||    59
 Cast: Corona            |     4 |     1 |     2 |       |       ||     7
       Ensorcelled Hiber |    20 |    47 |    72 |    80 |   113 ||   332
       Confuse           |       |     3 |    20 |    21 |    23 ||    67
       Dazzling Spray    |       |       |     8 |    32 |    11 ||    51
       Invisibility      |       |       |       |    35 |    38 ||    73
       Apportation       |       |       |       |     3 |       ||     3
       Discord           |       |       |       |       |     1 ||     1
Invok: Shadow Step       |       |       |       |       |     6 ||     6
Evoke: Wand              |       |       |       |     3 |     5 ||     8
  Use: Scroll            |       |     7 |     6 |    21 |    13 ||    47
       Potion            |       |       |     1 |       |     4 ||     5
 Stab: Sleeping          |    30 |    32 |    65 |   149 |   176 ||   452
       Confused          |       |     2 |    13 |     8 |    14 ||    37
       Invisible         |       |       |     1 |    82 |   136 ||   219
       Held in net/web   |       |       |       |     1 |       ||     1
       Distracted        |       |       |       |     4 |     8 ||    12
  Eat: Chunk             |    11 |     6 |    21 |    49 |    48 ||   135
Armor: Skin              |       |     5 |    27 |     5 |    21 ||    58
Dodge: Dodged            |    49 |   114 |   232 |   373 |   719 ||  1487
Block: Other             |       |       |    25 |    69 |       ||    94
       Reflection        |       |       |       |     2 |       ||     2
